 Dungeon Crawl Stone Soup version 0.30-a0-937-ga0a21ad780 (webtiles) character file.

Game seed: 1644860349928563785

1916033 PaperRat the Fetichist (level 27, 184/184 HPs)
             Began as a Djinni Hexslinger on Mar 24, 2023.
             Was a High Priest of Hepliaklqana.
             Escaped with the Orb
             ... and 3 runes!
             The game lasted 04:46:56 (52260 turns).

PaperRat the Fetichist (Djinni Hexslinger)         Turns: 52260, Time: 04:46:56

Health: 184/184    AC: 15    Str: 14      XL:     27
Gold:   4836       EV: 21    Int: 34 (35) God:    Hepliaklqana [*****.] SH: 16 Dex: 20

rFire   + + .      SeeInvis +    a - +9 hand crossbow (drain)
rCold   + . .      Faith    .    G - +2 kite shield {rC+}
rNeg    + + .      Spirit   .    j - +4 troll leather armour
rPois   ∞          Reflect  .    f - +0 hat of Muttered Phrases {rN++ Int+3 Slay-4 SInv}
rElec   +          Rampage  .    S - +2 cloak {rCorr}
rCorr   +                        M - +2 pair of gloves {Dex+3}
Will    ++++.                    (boots unavailable)
Stlth   +                        F - amulet "Eghih" {Contam Regen+ Str+5 SInv}
HPRegen 2.10/turn                I - +6 ring of intelligence
MPRegen 0.00/turn                Y - ring of Uruiqef {rElec rC+ Will+ Slay+6 Stlth+, =R}

@: flying, studying Staves
A: reduced essence, sickness immunity, fire resistance 2, cold vulnerability 1,
float, innate caster, HP casting, extra vitality 1, deformed body, strong-willed
1, passive freeze, inability to drink after injury 1
0: Orb of Zot
}: 3/15 runes: decaying, slimy, gossamer
a: Renounce Religion, Recall Ancestor, Ancestor Identity, Transference, Idealise


You escaped.
You worshipped Hepliaklqana.
Hepliaklqana was extremely pleased with you.
You visited 11 branches of the dungeon, and saw 52 of its levels.
You also visited: Trove, Ossuary, Bailey, Ice Cave and Desolation.

You collected 9789 gold pieces.
You spent 4953 gold pieces at shops.

Inventory:

Hand Weapons
 a - a +9 hand crossbow of draining (weapon)
Missiles
 B - 18 curare-tipped darts (quivered)
 J - 4 throwing nets {!f}
Armour
 f - the +0 hat of Muttered Phrases (worn) {rN++ Int+3 Slay-4 SInv}
   (You found it on level 3 of the Elven Halls)

   Int:       It affects your intelligence (+3).
   Slay:      It affects your accuracy & damage with ranged weapons and melee
   (-4).
   rN:        It greatly protects you from negative energy.
   SInv:      It lets you see invisible.
 j - a +4 troll leather armour (worn)
 t - the +1 helmet "Godussy" {rElec rC++ Slay+3}
   (You found it on level 5 of the Pits of Slime)

   Slay:      It affects your accuracy & damage with ranged weapons and melee
   (+3).
   rC:        It greatly protects you from cold.
   rElec:     It insulates you from electricity.
 u - a +1 buckler of resistance
 y - a scarf of invisibility
 G - a +2 kite shield of cold resistance (worn)
 M - a +2 pair of gloves of dexterity (worn)
 S - a +2 cloak of preservation (worn)
 X - the +9 kite shield of Incorporation {Regen+ rCorr MP+9}
   (You found it in a treasure trove)

   MP:        It affects your magic capacity (+9).
   Regen:     It increases your rate of health regeneration.
   rCorr:     It protects you from acid and corrosion.
Magical Staves
 q - the staff of fire "Kejojigh" {rF+ Dex+3}
   (You found it on level 3 of the Dungeon)

   [staff of fire]

   Your inability to study Fire Magic prevents you from drawing on the full
   power of this staff in melee.
   Base accuracy: +5 Base damage: 5 Base attack delay: 1.2 This weapon's minimum
   attack delay (0.6) is reached at skill level 12.
   Dex:       It affects your dexterity (+3).
   rF:        It protects you from fire.
   It falls into the 'Staves' category.
   It is a one-handed weapon.
 w - the staff of conjuration "Welopug" {rF+ Str+3 Int+3 Stlth+}
   (You found it on level 3 of the Elven Halls)

   [staff of conjuration]

   Your inability to study Conjurations prevents you from drawing on the full
   power of this staff in melee.
   Base accuracy: +5 Base damage: 5 Base attack delay: 1.2 This weapon's minimum
   attack delay (0.6) is reached at skill level 12.
   Str:       It affects your strength (+3).
   Int:       It affects your intelligence (+3).
   rF:        It protects you from fire.
   Stlth:     It makes you more stealthy.
   It falls into the 'Staves' category.
   It is a one-handed weapon.
Jewellery
 v - the ring of Vufuwuts {Fly Will+ Int+3}
   (You found it in the Desolation of Salt)

   [ring of flight]

   Int:       It affects your intelligence (+3).
   Fly:       It grants you flight.
   Will:      It increases your willpower.
 D - a +4 ring of protection
 F - the amulet "Eghih" (around neck) {Contam Regen+ Str+5 SInv}
   (You bought it in a shop on level 10 of the Dungeon)

   [amulet of regeneration]

   Str:       It affects your strength (+5).
   SInv:      It lets you see invisible.
   Contam:    It causes magical contamination when unequipped.
   Regen:     It increases your rate of health regeneration.
 I - a +6 ring of intelligence (left hand)
 Y - the ring of Uruiqef (right hand) {rElec rC+ Will+ Slay+6 Stlth+, =R}
   (You bought it in a shop on level 2 of the Orcish Mines)

   [ring of protection from cold]

   Slay:      It affects your accuracy & damage with ranged weapons and melee
   (+6).
   rC:        It protects you from cold.
   rElec:     It insulates you from electricity.
   Will:      It increases your willpower.
   Stlth:     It makes you more stealthy.
Wands
 b - a wand of iceblast (67)
 c - a wand of light (20)
 d - a wand of digging (12)
 n - a wand of charming (3)
 z - a wand of mindburst (45)
Scrolls
 e - 5 scrolls of blinking {@r5}
 g - 27 scrolls of teleportation {@r3}
 i - 7 scrolls of fog {@r2}
 A - 8 scrolls of vulnerability
 H - 8 scrolls of poison
 O - 11 scrolls of fear {@r4}
 T - 5 scrolls of immolation
Potions
 h - 7 potions of cancellation
 k - 4 potions of haste {@q4}
 l - 6 potions of lignification
 p - 3 potions of brilliance {@q5}
 x - 4 potions of heal wounds {@q2}
 C - 22 potions of curing {@q1}
 K - a potion of mutation {@q6}
 L - 3 potions of invisibility
 P - 7 potions of ambrosia
 R - 4 potions of resistance
Miscellaneous
 o - a phantom mirror
 r - a phial of floods
 s - a tin of tremorstones (2/2)
 N - a lightning rod (4/4)
 Q - a box of beasts
 W - a condenser vane


   Skills:
 - Level 20.0 Fighting
 - Level 18.0 Ranged Weapons
 - Level 12.0 Armour
 + Level 14.1 Dodging
 - Level 2.0 Stealth
 - Level 14.0 Shields
 - Level 20.0 Spellcasting
 - Level 12.0 Invocations
 - Level 20.0 Evocations


You knew the following spells:

 Your Spells              Type           Power      Damage    Failure   Level
a - Airstrike             Air            53%        2d(8-24)  0%          4
b - Iskenderun's Mystic   Conj/Tloc      100%       2d19      0%          4
c - Summon Cactus Giant   Summ           53%        N/A       1%          6
d - Ignition              Fire           53%        3d15      3%          8
e - Cause Fear            Hex            53%        N/A       0%          4
f - Eringya's Noxious Bo  Tmut/Pois      53%        N/A       1%          6
g - Slow                  Hex            100%       N/A       0%          1
h - Inner Flame           Hex/Fire       100%       N/A       0%          3
i - Conjure Ball Lightni  Conj/Air       53%        3x3d18    1%          6
k - Fire Storm            Conj/Fire      53%        8d13      50%         9
l - Beastly Appendage     Tmut           100%       N/A       0%          1
m - Chain Lightning       Conj/Air       53%        3d70      50%         9
o - Momentum Strike       Conj/Tloc      100%       3d10      0%          2
q - Portal Projectile     Hex/Tloc       100%       N/A       0%          3
s - Poisonous Vapours     Pois/Air       100%       N/A       0%          2
w - Summon Horrible Thin  Summ           53%        N/A       3%          8
x - Summon Mana Viper     Hex/Summ       100%       N/A       0%          5
Your spell library was empty.

Dungeon Overview and Level Annotations

Branches:
Dungeon (15/15)            Temple (1/1) D:5            Lair (5/5) D:10
  Swamp (4/4) Lair:3       Spider (4/4) Lair:3        Slime (5/5) Lair:4
    Orc (2/2) D:12            Elf (3/3) Orc:2        Vaults (4/5) D:13
  Crypt (0/3) Vaults:2     Depths (4/4) D:15            Zot (5/5) Depths:4
Ossuary (visited)          Bailey (visited)           IceCv (visited)
Desolation (visited)

Altars:
Ashenzari
Cheibriados
Dithmenos
Elyvilon
Fedhas
Gozag
Hepliaklqana
Makhleb
Nemelex Xobeh
Okawaru
Qazlal
Ru
Trog
Uskayaw
Wu Jian
Xom
Yredelemnul
Zin
The Shining One

Shops:
D:10 =   Orc:1 *   Orc:2 *[=(   Elf:2 :   Elf:3 (   Vaults:2 *   Depths:2 =:=
Depths:4 *[

Portals:
Hell: Depths:1 Depths:2 Depths:3 Depths:4
Abyss: Depths:1 Depths:3
Pandemonium: Depths:1 Depths:2
Ziggurat: Depths:3

Annotations:
Spider:4 dig vault
Elf:2 3 runed translucent doors


Innate Abilities, Weirdness & Mutations

Your life essence is reduced to manifest your ancestor. (-10% HP)
You are immune to sickness and miasma.
You are immune to poison.
Your flesh is very heat resistant. (rF++)
You are vulnerable to cold. (rC-)
You float through the air rather than walking.
You learn spells naturally, not from books.
Your magical power is your life essence.
You have superior vitality. (+4 MHP)
Armour fits poorly on your strangely shaped body.
You are strong-willed. (Will+)
A frigid envelope surrounds you and freezes all who hurt you.
You occasionally lose the ability to drink potions when taking damage.


Message History

The sun demon shouts!
Vape is engulfed in freezing vapours.
You block the sun demon's attack. x2
Casting: Ignition (dangerous; 3% risk of failure)
Confirm with . or Enter, or press ? or * to list all spells.
You erupt in a blast of force!
Vape avoids your attack.
The mystic blast hits the sun demon!!
The sun demon is moderately wounded.
The sun demon is knocked back by the mystic blast.
Vape gestures wildly while chanting.
The sun demon resists with almost no effort.
You shoot a bolt. The bolt hits the sun demon!!
The sun demon is severely wounded.
Vape gestures at the sun demon while chanting.
The sun demon resists with almost no effort.
You shoot a bolt. The bolt barely misses the sun demon.
You shoot a bolt.
The bolt hits the sun demon but does no damage.
The sun demon is severely wounded.
You shoot a bolt. The bolt hits the sun demon.
The sun demon is almost dead.
The sun demon barely misses you.
You shoot a bolt. The bolt hits the sun demon!
The sun demon is almost dead.
You block the sun demon's attack.
Vape mumbles some strange words.
The sun demon appears confused.
You block the sun demon's attack.
You shoot a bolt. The bolt hits the sun demon!!
You kill the sun demon!
(D) Dungeon (T) Temple (L) Lair (S) Swamp (N) Spider Nest (M) Slime Pits (O) Orcish Mines (E) Elven Halls (V) Vaults (C) Crypt (U) Depths (H) Hell (Z) Zot
Where to? (Enter - D:1 @ (x,y), ? - help)
There is a stone staircase leading up here.
You fly upwards.
There is a stone staircase leading down here.
You swap places.
There is a staircase leading out of the dungeon here.
You have escaped!

.....≈≈≈≈.......>#
......≈≈≈........#
......≈≈≈........#
......≈≈≈≈.......#
.................#
......≈≈≈≈.......#
.......≈≈≈.......#
......)≈≈≈......R#
.......≈≈≈≈.....@#
########≈≈≈#######
# ##≈≈≈≈## #
##≈≈≈≈## # ###≈≈≈#
####### #.# #.# #
#.#


You could see the friendly Vape the hexer (fast).

Vanquished Creatures
  the Royal Jelly (Slime:5)
  An orb of fire (Zot:5)
  The ghost of Ojiaf the Slayer, a master AtFi of Ashenzari (Zot:2)
  2 juggernauts
  3 Killer Klowns
  7 golden dragons
  2 bone dragons
  2 electric golems
  8 tentacled monstrosities
  8 Orb Guardians (Zot:5)
  Rupert (D:14)
  A walking frostbound tome (Depths:2)
  A deep elf master archer (Elf:3)
  2 liches (Depths:2)
  2 deep elf blademasters (Elf:3)
  14 acid blobs
  5 quicksilver dragons
  5 death cobs
  A sphinx (Depths:3)
  8 storm dragons
  Frances (D:13)
  3 shadow dragons
  4 draconian monks
  5 tengu reavers
  Agnes (Spider:1)
  6 draconian knights
  Roxanne (Spider:1)
  8 azure jellies
  10 rockslimes
  A nagaraja (Depths:2)
  7 fire giants
  A fenstrider witch (Swamp:1)
  3 iron dragons
  8 vault wardens
  5 frost giants
  6 deep elf sorcerers
  3 imperial myrmidons (Desolation)
  Louise (Elf:2)
  6 draconian scorchers
  A balrug (Depths:4)
  4 deep elf elementalists (Elf:3)
  4 emperor scorpions
  An orc warlord (Orc:2)
  4 draconian shifters
  7 ghost moths
  3 draconian stormcallers
  8 ironbound preservers
  10 stone giants
  4 quicksilver oozes
  3 broodmothers
  4 ironbound thunderhulks
  5 vampire knights
  8 draconian annihilators
  11 very ugly things
  7 green draconians
  7 eleionomae
  2 lorocyprocas
  4 deep elf demonologists (Elf:3)
  5 dire elephants
  2 bunyips
  6 deep elf annihilators
  3 red draconians
  11 yellow draconians
  A halazid warlock (Desolation)
  14 white draconians
  8 black draconians
  14 purple draconians
  9 spark wasps
  2 green deaths (Swamp:4)
  6 ettins
  An eidolon (Vaults:2)
  7 yaktaur captains
  2 deep elf death magi (Elf:3)
  4 crystal guardians
  A shambling mangrove (Swamp:4)
  A blizzard demon (D:2)
  9 fire dragons
  2 deep elf high priests (Elf:3)
  8 great orbs of eyes
  5 ragged hierophants (Desolation)
  A hell beast (Swamp:4)
  3 servants of whispers (Desolation)
  4 entropy weavers
  A vault guard (Vaults:2)
  2 rakshasas
  8 peacekeepers
  11 hydras
  An ogre mage (D:12)
  2 radroaches
  11 ice dragons
  6 ironbound frosthearts
  3 jorogumos
  3 catoblepae (Lair:4)
  3 boulder beetles
  11 centaur warriors
  4 two-headed ogres
  7 alligators
  4 spriggan air magi
  2 death knights
  3 deep troll earth magi (Depths:3)
  A vampire mage (Depths:3)
  7 deep troll shamans
  The ghost of UltrafastDeath the Covert, a journeyman KoBr of Dithmenos (D:10)
  6 tengu warriors
  8 death scarabs (Spider:4)
  13 death yaks
  2 thrashing horrors (Swamp:4)
  Urug (Lair:4)
  4 spriggan berserkers
  3 orc high priests (Orc:2)
  20 dancing weapons
  A sun demon (D:2)
  9 deep elf knights
  Sonja (Lair:4)
  5 iron trolls
  3 sixfirhies
  A skyshark (Lair:5)
  A sun moth (Spider:3)
  26 deep trolls
  5 goliath frogs
  A fire crab (Lair:5)
  6 pharaoh ants
  A flayed ghost (Depths:1)
  4 spriggan druids
  4 orb spiders
  A swamp dragon (shapeshifter) (Depths:2)
  11 bog bodies
  6 swamp dragons
  6 wizards
  4 harpies (Vaults:1)
  10 ironbound convokers
  7 glowing orange brains
  8 orc knights
  A necromancer (D:13)
  8 deep elf archers
  5 steelbarb worms
  21 deep elf pyromancers
  5 lindwurms
  39 ugly things
  20 deep elf zephyrmancers
  A harpy (shapeshifter) (D:15)
  8 shining eyes
  5 orc sorcerers
  4 manticores
  11 wolf spiders
  12 moths of wrath
  A guardian serpent (Desolation)
  2 elephants (Lair:5)
  Joseph (D:9)
  Maurice (D:12)
  6 cyclopes
  8 will-o-the-wisps
  17 vault sentinels
  3 molten gargoyles (Lair:5)
  5 black mambas
  An ice statue (IceCv)
  8 demonic crawlers
  6 torpor snails
  3 rime drakes
  11 cane toads
  A gargoyle (D:12)
  3 kobold demonologists (D:13)
  2 unseen horrors
  5 eyes of devastation
  3 orange demons
  4 redback zombies (Spider:4)
  15 komodo dragons
  5 hexers
  2 spectral redbacks (Spider:4)
  A freezing wraith (D:14)
  35 yaktaurs
  A tormentor (Zot:5)
  3 tengu conjurers
  6 trolls
  10 polar bears
  3 meliai (Spider:3)
  30 tarantellas
  A wolf spider simulacrum (Lair:3)
  3 bloated husks
  A meliai (shapeshifter) (D:12)
  A troll (shapeshifter) (Depths:3)
  A spectral jumping spider (Spider:4)
  10 tyrant leeches
  19 hornets
  15 blink frogs
  A jumping spider zombie (Spider:4)
  A spectral culicivora (Spider:4)
  2 spectral tarantellas (Spider:4)
  30 saltlings (Desolation)
  81 slime creatures
  A centaur simulacrum (D:14)
  13 jumping spiders
  Sigmund (D:5)
  18 culicivoras
  2 shadows
  An air elemental (Elf:1)
  A water elemental (Elf:2)
  52 yaks
  6 spriggans
  A vampire (D:12)
  2 fire elementals (Elf:1)
  A hog (shapeshifter) (Elf:1)
  11 basilisks
  3 wraiths
  A redback (shapeshifter) (D:15)
  3 wyverns
  5 chaos spawn (Elf:3)
  2 steam dragons
  5 golden eyes (Slime:1)
  2 vampire mosquitoes (D:12)
  39 redbacks
  11 swamp worms
  A naga (shapeshifter) (Depths:3)
  A large abomination (Swamp:4)
  3 wargs (Orc:2)
  2 acid dragons
  4 hell hounds (Lair:5)
  32 orc warriors
  9 water moccasins
  2 floating eyes
  A swamp drake (Swamp:2)
  A sky beast (D:6)
  3 ice beasts
  10 ogres
  4 black bears
  24 wolves
  6 centaurs
  3 small abominations (Swamp:4)
  An elf zombie (Ossuary)
  6 kobold brigands
  10 bullfrogs
  2 earth elementals (Elf:3)
  A gnoll sergeant (D:9)
  4 scorpions
  6 wights (D:7)
  15 killer bees
  6 howler monkeys
  6 electric eels
  5 lava snakes (Lair:5)
  2 human zombies (Ossuary)
  3 hounds (D:6)
  A komodo dragon simulacrum (Lair:3)
  3 jellies (D:6)
  Crazy Yiuf (D:3)
  17 orc priests
  A gnoll bouda (D:10)
  2 iguanas
  30 orc wizards
  A sleepcap (D:5)
  A bullfrog simulacrum (Lair:3)
  A hound zombie (Ossuary)
  4 mummies (Ossuary)
  9 adders
  13 gnolls
  2 shadow imps
  A white imp (Vaults:3)
  3 ufetubi
  An adder zombie (Ossuary)
  5 worms
  2 dart slugs
  87 orcs
  6 bats
  8 endoplasms
  A giant cockroach (D:3)
  2 gnoll zombies (Ossuary)
  2 hobgoblins
  3 jackals (D:1)
  4 quokkas
  6 ball pythons
  4 frilled lizards
  7 goblins
  A hobgoblin zombie (Ossuary)
  A jackal zombie (Ossuary)
  9 kobolds
  A kobold zombie (Ossuary)
  5 rats
  2 rat zombies (Ossuary)
1759 creatures vanquished.

Vanquished Creatures (collateral kills)
  2 dread liches
  6 orbs of fire
  2 ancient liches
  A juggernaut (Depths:4)
  3 Killer Klowns
  Nikola (Elf:2)
  A golden dragon (Zot:5)
  A Tzitzimitl (Depths:1)
  2 electric golems
  A hellephant (D:11)
  10 tentacled monstrosities
  A lich (Depths:2)
  A deep elf blademaster (Elf:3)
  2 quicksilver dragons (Zot:1)
  12 Orb Guardians
  A deep elf master archer (Elf:3)
  3 acid blobs
  4 death cobs
  4 sphinxes
  A shadow dragon (Depths:3)
  4 storm dragons
  2 draconian monks (Zot:1)
  3 tengu reavers
  3 rockslimes
  A fenstrider witch (Swamp:4)
  An azure jelly (Slime:2)
  5 fire giants
  2 emperor scorpions
  A draconian knight (Zot:1)
  3 deep elf sorcerers
  A vault warden (Vaults:4)
  2 iron dragons
  4 frost giants (Depths:3)
  A ghost moth (Zot:2)
  A balrug (Depths:4)
  A deep elf elementalist (Elf:3)
  A draconian scorcher (Zot:1)
  4 ironbound preservers
  An angel (Zot:4)
  2 cacodemons
  2 war gargoyles (Vaults:4)
  4 stone giants
  3 deep elf demonologists (Elf:3)
  2 quicksilver oozes (Slime:5)
  A reaper (Zot:4)
  2 ironbound thunderhulks
  7 deep elf annihilators
  An eleionoma (shapeshifter) (Depths:3)
  A bunyip (Swamp:3)
  A dire elephant (Vaults:2)
  A purple draconian (Zot:1)
  2 black draconians
  2 white draconians
  The ghost of bmj180 the Geomancer, a journeyman GrEE of Vehumet (Lair:4)
  3 spark wasps
  4 red draconians
  A halazid warlock (Desolation)
  5 yellow draconians
  3 deep elf death magi
  6 fire dragons
  A crystal guardian (Desolation)
  A merfolk impaler (Depths:1)
  3 yaktaur captains
  3 ragged hierophants (Desolation)
  3 entropy weavers
  2 great orbs of eyes
  A rakshasa (Depths:3)
  A hell beast (Zot:2)
  10 peacekeepers
  3 deep elf high priests (Elf:3)
  A ghost crab (Swamp:1)
  6 servants of whispers (Desolation)
  2 hydras
  A radroach (Spider:2)
  A jorogumo (Spider:4)
  5 ice dragons
  4 centaur warriors
  3 ironbound frosthearts (Vaults:1)
  4 alligators
  2 dancing weapons
  A deep troll shaman (Depths:3)
  2 vampire magi
  4 deep elf knights
  A fire crab (Lair:4)
  2 iron trolls (Depths:1)
  2 flayed ghosts
  4 bog bodies
  3 swamp dragons
  A glowing orange brain (Depths:4)
  3 orb spiders
  11 deep trolls
  2 steelbarb worms
  2 deep elf archers
  A broodmother zombie (Spider:4)
  3 wizards
  An ironbound convoker (Vaults:4)
  3 deep elf pyromancers
  A lindwurm (Vaults:2)
  A wolf spider (Spider:4)
  An orc sorcerer (Orc:2)
  2 deep elf zephyrmancers (Elf:1)
  A cyclops (D:15)
  A necromancer (Depths:3)
  9 ugly things
  3 will-o-the-wisps (Swamp:4)
  A shining eye (Slime:4)
  7 moths of wrath
  An elephant (Lair:5)
  2 vault sentinels
  20 slime creatures
  4 black mambas
  A molten gargoyle (Desolation)
  2 torpor snails
  A cane toad (Lair:5)
  Maggie (D:9)
  A spectral redback (Spider:4)
  A komodo dragon (Lair:5)
  13 yaktaurs
  A kobold demonologist (D:9)
  A redback zombie (Spider:4)
  2 trolls
  2 polar bears
  A tyrant leech (Swamp:4)
  2 hornets
  A spectral culicivora (Spider:4)
  36 saltlings (Desolation)
  2 jumping spiders
  A spriggan (Swamp:4)
  A wraith (D:10)
  7 yaks
  3 culicivoras
  2 water elementals
  A golden eye (Slime:5)
  A vampire mosquito (D:12)
  7 redbacks
  A steam dragon (Lair:5)
  2 swamp worms (Swamp:3)
  A warg (Orc:2)
  A hell hound (Lair:5)
  3 water moccasins
  5 orc warriors
  3 wolves
  A centaur (D:13)
  A bullfrog (Lair:2)
  An earth elemental (Elf:3)
  A small abomination (Swamp:4)
  A wight (D:7)
  A killer bee (D:10)
  2 orc priests
  An iguana (D:7)
  2 orc wizards (Orc:2)
  7 orcs
  A kobold (D:9)
  10 ball lightnings
447 creatures vanquished.

Vanquished Creatures (others)
  A very ugly thing (Depths:3)
  An ettin (Depths:3)
  A sixfirhy (D:2)
  A slime creature (Slime:5)
  A steam dragon (Lair:5)
  45 hexers
  An orc wizard (D:7)
  An orc (Orc:2)
  233 ball lightnings
  29 foxfires
  23 fungi
  56 plants
393 creatures vanquished.

Grand Total: 2599 creatures vanquished

Notes
Turn   | Place    | Note
-------+----------+-------------------------------------------
     0 | D:1      | PaperRat the Djinni Hexslinger began the quest for the Orb.
     0 | D:1      | PaperRat set off with the following spells memorised: Slow,
                  | Inner Flame, Portal Projectile, Cause Fear.
     0 | D:1      | Reached XP level 1. HP: 17/17 MP: 0/0
   254 | D:1      | Reached skill level 1 in Stealth
   254 | D:1      | Reached XP level 2. HP: 22/22 MP: 0/0
   694 | D:1      | Reached XP level 3. HP: 27/27 MP: 0/0
   694 | D:1      | Learned a level 1 spell: Beastly Appendage
   723 | D:1      | Found a faded altar of an unknown god.
  1512 | D:2      | Reached XP level 4. HP: 29/33 MP: 0/0
  2600 | D:3      | Reached XP level 5. HP: 40/40 MP: 0/0
  2600 | D:3      | Learned a level 2 spell: Momentum Strike
  2769 | D:3      | Identified the +7 sling of Infection {freeze, *Corrode rC++
                  | Str+2 SInv}
  3372 | D:3      | Identified the staff of fire "Kejojigh" {rF+ Dex+3}
  3488 | D:3      | Found a runed translucent door.
  3489 | D:3      | Noticed Crazy Yiuf
  3516 | D:3      | Killed Crazy Yiuf
  3517 | D:3      | Reached XP level 6. HP: 45/46 MP: 0/0
  4044 | D:5      | Entered Level 5 of the Dungeon
  4131 | D:5      | Noticed a black bear
  4134 | D:5      | Killed a black bear
  4135 | D:5      | Reached XP level 7. HP: 52/52 MP: 0/0
  4135 | D:5      | Learned a level 2 spell: Poisonous Vapours
  4190 | D:5      | Found a sand-covered staircase.
  4206 | Ossuary  | Entered an ossuary
  4732 | D:5      | Found a staircase to the Ecumenical Temple.
  4739 | Temple   | Entered the Ecumenical Temple
  5077 | Temple   | Became a worshipper of Hepliaklqana the Forgotten
  5102 | D:5      | Noticed Sigmund
  5108 | D:5      | Killed Sigmund
  5109 | D:5      | Reached XP level 8. HP: 55/58 MP: 0/0
  5197 | D:5      | Found a broken altar of Ashenzari.
  5206 | D:5      | Reached skill level 5 in Fighting
  5910 | D:6      | Reached skill level 5 in Ranged Weapons
  5910 | D:6      | Reached skill level 1 in Evocations
  6114 | D:6      | Noticed a yak
  6120 | D:6      | Killed a yak
  6121 | D:6      | Reached XP level 9. HP: 49/65 MP: 0/0
  6121 | D:6      | Learned a level 4 spell: Iskenderun's Mystic Blast
  6303 | D:6      | Identified the +0 ring mail of the Slorg {rPois rF+}
  6449 | D:6      | Reached skill level 5 in Spellcasting
  6932 | D:6      | Reached * piety under Hepliaklqana
  7528 | D:7      | Found a snail-covered altar of Cheibriados.
  7725 | D:7      | Reached XP level 10. HP: 54/64 MP: 0/0
  7962 | D:7      | Reached ** piety under Hepliaklqana
  7963 | D:7      | Remembered your ancestor Vape as a hexer
  8933 | D:9      | Noticed a cyclops
  8963 | D:9      | Noticed a kobold demonologist
  8964 | D:9      | Killed a cyclops
  8967 | D:9      | Killed a kobold demonologist
  8973 | D:9      | Reached skill level 5 in Dodging
  8974 | D:9      | Found a flagged portal.
  8988 | Bailey   | Entered a bailey
  9288 | Bailey   | Reached XP level 11. HP: 69/72 MP: 0/0
  9288 | Bailey   | Learned a level 4 spell: Airstrike
  9946 | D:9      | Noticed Joseph
  9954 | D:9      | Killed Joseph
 10254 | D:9      | Noticed Maggie
 10260 | D:9      | Killed Maggie
 10333 | D:9      | Reached *** piety under Hepliaklqana
 10458 | D:10     | Entered Level 10 of the Dungeon
 10501 | D:10     | Found a runed translucent gate.
 10502 | D:10     | Found a runed translucent gate.
 10505 | D:10     | Noticed a cyan ugly thing
 10507 | D:10     | Noticed UltrafastDeath's ghost (journeyman KoBr)
 10508 | D:10     | Found a runed translucent gate.
 10768 | D:10     | Noticed a two-headed ogre
 10774 | D:10     | Killed a two-headed ogre
 10806 | D:10     | Found a staircase to the Lair.
 11093 | D:10     | Found Yczu's Jewellery Boutique.
 11099 | D:10     | Bought the amulet "Eghih" {Contam Regen+ Str+5 SInv} for
                  | 553 gold pieces
 11173 | D:10     | Reached XP level 12. HP: 73/81 MP: 0/0
 11422 | D:10     | Reached **** piety under Hepliaklqana
 11720 | D:10     | Reached skill level 10 in Fighting
 11726 | D:10     | Killed UltrafastDeath's ghost
 11727 | D:10     | Reached skill level 5 in Evocations
 11843 | Lair:1   | Entered Level 1 of the Lair of Beasts
 11874 | Lair:1   | Noticed a death yak
 11874 | Lair:1   | Noticed a death yak
 11877 | Lair:1   | Noticed a death yak
 11885 | Lair:1   | Killed a death yak
 11890 | Lair:1   | Noticed a death yak
 11897 | Lair:1   | Noticed a death yak
 11913 | Lair:1   | Killed a death yak
 11914 | Lair:1   | Reached skill level 1 in Armour
 11914 | Lair:1   | Killed a death yak
 11924 | Lair:1   | Killed a death yak
 12038 | Lair:1   | Killed a death yak
 12614 | Lair:2   | Reached XP level 13. HP: 88/88 MP: 0/0
 12614 | Lair:2   | Learned a level 5 spell: Summon Mana Viper
 12639 | Lair:2   | Reached ***** piety under Hepliaklqana
 12704 | Lair:2   | Found a hide-covered altar of Uskayaw.
 13233 | Lair:3   | Reached skill level 1 in Shields
 13233 | Lair:3   | Reached skill level 1 in Invocations
 13603 | Lair:3   | Found a transporter.
 13633 | Lair:3   | Found a hole to the Spider Nest.
 13807 | Lair:3   | Found a transporter.
 14014 | Lair:3   | Found a staircase to the Swamp.
 14347 | Lair:4   | Noticed a catoblepas
 14355 | Lair:4   | Killed a catoblepas
 14378 | Lair:4   | Noticed Sonja
 14382 | Lair:4   | Killed Sonja
 14384 | Lair:4   | Found a staircase to the Slime Pits.
 14452 | Lair:4   | Found a transporter.
 14460 | Lair:4   | Found a transporter.
 14460 | Lair:4   | Noticed bmj180's ghost (journeyman GrEE)
 14519 | Lair:4   | Found a frozen archway.
 14530 | IceCv    | Entered an ice cave
 14653 | IceCv    | Reached XP level 14. HP: 85/96 MP: 0/0
 14995 | IceCv    | Reached skill level 5 in Invocations
 15036 | IceCv    | Reached skill level 5 in Shields
 15059 | IceCv    | Reached skill level 10 in Spellcasting
 15149 | IceCv    | Found the +8 frozen axe "Frostbite" {freeze, freezing
                  | cloud, *Noise Fly rC+}
 15297 | Lair:4   | Noticed Urug
 15304 | Lair:4   | Killed Urug
 15911 | Lair:4   | Killed bmj180's ghost
 15957 | Lair:5   | Entered Level 5 of the Lair of Beasts
 16127 | Lair:5   | Reached XP level 15. HP: 38/100 MP: 0/0
 16127 | Lair:5   | Learned a level 6 spell: Conjure Ball Lightning
 16308 | Lair:5   | Reached skill level 10 in Shields
 16931 | Lair:5   | Found a large runed translucent door.
 16931 | Lair:5   | Found a large runed translucent door.
 18038 | D:12     | Identified the +1 battleaxe of Siwurug {spect, Dex+3}
 18039 | D:12     | Paralysed by an ogre mage for 4 turns
 18155 | D:12     | Found a portal to a secret trove of treasure.
 18174 | D:12     | Found an ornate altar of the Wu Jian Council.
 18211 | D:12     | Noticed Maurice
 18215 | D:12     | Killed Maurice
 18231 | D:12     | Reached XP level 16. HP: 68/108 MP: 0/0
 18405 | D:12     | Found a staircase to the Orcish Mines.
 18527 | D:12     | Reached ****** piety under Hepliaklqana
 18700 | Orc:1    | Entered Level 1 of the Orcish Mines
 18700 | Orc:1    | Found Qaseducs's Assorted Antiques.
 19165 | Orc:2    | Entered Level 2 of the Orcish Mines
 19420 | Orc:2    | Found a staircase to the Elven Halls.
 19742 | Orc:2    | Found Ralua's Antique Armour Shop.
 19743 | Orc:2    | Found Vimouton's Antique Weapon Boutique.
 19745 | Orc:2    | Found Pyoss's General Store.
 19745 | Orc:2    | Found Joebehu's Jewellery Shop.
 19986 | Orc:2    | Bought a scroll of acquirement for 884 gold pieces
 19986 | Orc:2    | Acquired 1123 gold pieces
 19989 | Orc:2    | Bought the ring of Uruiqef {rElec rC+ Will+ Slay+6 Stlth+}
                  | for 1161 gold pieces
 20216 | D:13     | Noticed Frances
 20225 | D:13     | Killed Frances
 20407 | D:13     | Found a gate to the Vaults.
 20414 | D:13     | Reached skill level 10 in Dodging
 20549 | D:13     | Identified the +4 scale mail "Yntiet" {+Inv Int+2}
 20792 | D:13     | Found a hazy altar of Hepliaklqana.
 21406 | D:14     | Identified the +4 dagger "Samadoutz" {drain, *Rage Fly
                  | MP+9}
 21933 | D:14     | Noticed Rupert
 21940 | D:14     | Killed Rupert
 22377 | D:15     | Entered Level 15 of the Dungeon
 22447 | D:15     | Reached XP level 17. HP: 90/115 MP: 0/0
 22447 | D:15     | Learned a level 6 spell: Eringya's Noxious Bog
 23131 | D:15     | Found a staircase to the Depths.
 23613 | Spider:1 | Entered Level 1 of the Spider Nest
 23674 | Spider:1 | Noticed Agnes
 23684 | Spider:1 | Killed Agnes
 23755 | Spider:1 | Identified Roxanne's Writings on the Xenotype
 23755 | Spider:1 | Noticed Roxanne
 23771 | Spider:1 | Killed Roxanne
 24569 | Spider:2 | Reached skill level 15 in Fighting
 24873 | Spider:2 | Reached XP level 18. HP: 83/124 MP: 0/0
 25093 | Spider:2 | Reached skill level 5 in Armour
 26274 | Spider:4 | Entered Level 4 of the Spider Nest
 27053 | Spider:4 | Got a gossamer rune of Zot
 27054 | Spider:4 | Identified the +1 pair of boots of the Eight Boll Weevils
                  | {Dex+3}
 27061 | Spider:4 | Identified the +1 pair of boots "Anad" {-Tele Str-5 Int+6}
 27281 | Swamp:1  | Entered Level 1 of the Swamp
 27350 | Swamp:1  | Reached XP level 19. HP: 90/130 MP: 0/0
 27350 | Swamp:1  | Learned a level 6 spell: Summon Cactus Giant
 27686 | Swamp:1  | Reached skill level 10 in Evocations
 29233 | Swamp:4  | Entered Level 4 of the Swamp
 29402 | Swamp:4  | Noticed a tentacled monstrosity
 29411 | Swamp:4  | Killed a tentacled monstrosity
 29917 | Swamp:4  | Reached XP level 20. HP: 94/137 MP: 0/0
 30029 | Swamp:4  | Got a decaying rune of Zot
 30406 | Elf:1    | Entered Level 1 of the Elven Halls
 30795 | Elf:1    | Reached skill level 15 in Spellcasting
 31236 | Elf:2    | Noticed Nikola
 31244 | Elf:2    | Killed Nikola
 31405 | Elf:2    | Noticed Louise
 31417 | Elf:2    | Killed Louise
 31565 | Elf:2    | Found a runed translucent gate.
 31566 | Elf:2    | Found a runed translucent gate.
 31566 | Elf:2    | Found a runed translucent gate.
 31621 | Elf:2    | Found Vebeum's Book Shop.
 31708 | Elf:3    | Entered Level 3 of the Elven Halls
 31732 | Elf:3    | Found Laxunuv's Weapon Shop.
 32624 | Elf:3    | Reached XP level 21. HP: 126/145 MP: 0/0
 32624 | Elf:3    | Learned a level 8 spell: Ignition
 32638 | Elf:3    | Noticed a Tzitzimitl
 32886 | Elf:3    | Identified the +4 halberd "Piraeph" {heavy, Dex+2}
 32967 | Elf:3    | Identified the staff of cold "Dolyomy" {rF++ rC+ Dex+3}
 32999 | Elf:3    | Identified the ring "Gizalar" {rF++ rN+ Dex-2 SInv}
 33075 | Elf:3    | Identified the staff of earth "Acuef" {rC+ Stlth+}
 33079 | Elf:3    | Identified the staff of cold "Miuhots" {rC+ Int+4}
 33088 | Elf:3    | Identified the +0 hat of Muttered Phrases {rN++ Int+3
                  | Slay-4 SInv}
 33118 | Elf:3    | Identified the staff of air "Geosturch" {rElec Str-4 Dex+2
                  | SInv}
 33130 | Elf:3    | Identified the staff of conjuration "Welopug" {rF+ Str+3
                  | Int+3 Stlth+}
 33921 | Vaults:1 | Entered Level 1 of the Vaults
 34913 | Vaults:1 | Reached XP level 22. HP: 131/153 MP: 0/0
 35507 | Vaults:2 | Reached skill level 10 in Ranged Weapons
 35863 | Vaults:2 | Reached skill level 15 in Evocations
 36045 | Vaults:2 | Found a staircase to the Crypt.
 36123 | Vaults:2 | Identified the +5 scale mail of Bulu {rElec rN+ Dex+2}
 36419 | Vaults:2 | Found Unuovat's Assorted Antiques.
 36429 | Vaults:2 | Bought a scroll of immolation for 124 gold pieces
 36429 | Vaults:2 | Bought a scroll of enchant weapon for 232 gold pieces
 36742 | Vaults:3 | Found a crumbling gateway.
 36750 | Desolati | Entered the Desolation of Salt
 36981 | Desolati | Found the +8 longbow "Zephyr" {speed, Dex+3 SInv}
 37069 | Desolati | Reached XP level 23. HP: 159/160 MP: 0/0
 37069 | Desolati | Learned a level 8 spell: Summon Horrible Things
 37175 | Desolati | Identified the +8 rapier "Tattletale" {venom, Str+4}
 37180 | Desolati | Identified the ring of Saiskat {rElec rN+ Str+3 Dex-4 SInv}
 37186 | Desolati | Identified the +7 chain mail of the Land of Plenty {rElec
                  | rN+ Will- Stlth+}
 37230 | Desolati | Identified the ring of Vufuwuts {Fly Will+ Int+3}
 37401 | Desolati | Identified the ring of Suijiwn {rElec rPois Int+6 Dex-2}
 37436 | Desolati | Identified the ring "Zoasch" {Fly rC+ rN+ Will- MP+9
                  | Stlth+}
 38225 | Vaults:3 | You are sucked into a shaft and drop 1 floor!
 40454 | Slime:1  | Entered Level 1 of the Pits of Slime
 40573 | Slime:2  | You are sucked into a shaft and drop 2 floors!
 40609 | Slime:4  | Reached XP level 24. HP: 114/165 MP: 0/0
 40858 | Slime:5  | Entered Level 5 of the Pits of Slime
 40957 | Slime:5  | Noticed the Royal Jelly
 40965 | Slime:5  | Killed the Royal Jelly
 41049 | Slime:5  | Found the +9 scales of the Dragon King {rPois rF+ rC+
                  | Will+}
 41054 | Slime:5  | Found the +8 storm bow {elec, penet}
 41099 | Slime:5  | Identified the staff of death "Ziovogah" {rN+ Str+2}
 41103 | Slime:5  | Got a slimy rune of Zot
 41140 | Slime:5  | Identified the amulet "Vymoan" {Spirit Contam Str+9 Dex+3}
 41179 | Slime:5  | Identified the +2 leather armour "Bytun" {rPois}
 41186 | Slime:5  | Identified the +0 leather armour of the Equator {SInv}
 41191 | Slime:5  | Identified the +0 robe of Living Beauty {rElec rN++ Will-
                  | SInv}
 41200 | Slime:5  | Identified the +6 scale mail of Duck's Teeth {rPois Int+3}
 41208 | Slime:5  | Identified the +1 helmet "Godussy" {rElec rC++ Slay+3}
 41308 | Slime:3  | Gained mutation: You sometimes lose your temper in combat.
                  | [a shining eye]
 41629 | Depths:1 | Entered Level 1 of the Depths
 41694 | Depths:1 | Found a glowing golden altar of the Shining One.
 42075 | Depths:1 | Found a one-way gate to the infinite horrors of the Abyss.
 42083 | Depths:1 | Found a one-way gate leading to the halls of Pandemonium.
 42312 | Depths:1 | Found a gateway to Hell.
 42648 | Depths:2 | Found the +13 scythe of Curses {drain, curses, Drain}
 42705 | Depths:2 | Identified the +10 war axe of Itoidgh {antimagic, Str+3}
 42732 | Depths:2 | Identified the +4 flail "Jyiqiah" {venom, rF++ Will- Dex+5}
 42753 | Depths:2 | Identified the ring "Juclegy" {Fly Will+}
 42847 | Depths:2 | You are sucked into a shaft and drop 1 floor!
 42847 | Depths:3 | Noticed a golden dragon
 43077 | Depths:3 | Reached XP level 25. HP: 165/171 MP: 0/0
 43077 | Depths:3 | Learned a level 9 spell: Fire Storm
 43567 | Depths:2 | Found Magyghy's Jewellery Emporium.
 43567 | Depths:2 | Found Etaet's Book Shop.
 43568 | Depths:2 | Found Feocihim's Jewellery Emporium.
 43832 | Depths:2 | Found a runed translucent door.
 43835 | Depths:2 | Noticed an ancient lich
 43873 | Depths:2 | Killed an ancient lich
 44138 | Depths:3 | Reached skill level 15 in Ranged Weapons
 44458 | Depths:3 | Noticed a juggernaut
 44462 | Depths:3 | Killed a juggernaut
 44562 | Depths:3 | Identified the +1 robe of Experimentation {rN+ Str+2 Int+3
                  | Slay-5}
 44862 | Depths:3 | Identified the +4 kite shield of Wisdom {Contam Dex+2
                  | Stlth+}
 45530 | Depths:3 | Found a one-way gateway to a ziggurat.
 45643 | Depths:4 | Entered Level 4 of the Depths
 45777 | Depths:4 | Found Qepoimp's Armour Boutique.
 45777 | Depths:4 | Found Quje Fau's Assorted Antiques.
 45796 | Depths:4 | Bought a glowing helmet for 322 gold pieces
 45796 | Depths:4 | Bought a lightning rod (4/4) for 1290 gold pieces
 45796 | Depths:4 | Bought a scroll of fear for 172 gold pieces
 45796 | Depths:4 | Bought a crude ruby amulet for 215 gold pieces
 45796 | Depths:4 | Identified the amulet "Odid Abe" {Acrobat Will+ rCorr} (You
                  | bought it in a shop on level 4 of the Depths)
 46125 | Depths:4 | Noticed a juggernaut
 46126 | Depths:4 | Reached XP level 26. HP: 175/177 MP: 0/0
 46138 | Depths:4 | Killed a juggernaut
 46262 | Depths:4 | Noticed a juggernaut
 46276 | Depths:4 | Killed a juggernaut
 46526 | Depths:4 | Found a gate to the Realm of Zot.
 46715 | Zot:1    | Entered Level 1 of the Realm of Zot
 46721 | Zot:1    | Noticed a Killer Klown
 46870 | Zot:1    | Noticed a dread lich
 46876 | Zot:1    | Killed a dread lich
 46989 | Zot:1    | Killed a Killer Klown
 47567 | Zot:1    | Reached XP level 27. HP: 150/182 MP: 0/0
 47567 | Zot:1    | Learned a level 9 spell: Chain Lightning
 48012 | D:12     | You paid a toll of +2 shadow dragon scales to enter a
                  | treasure trove
 48013 | Trove    | Entered a treasure trove
 48017 | Trove    | Identified the +0 pair of gloves "Hugyisek" {Regen+}
 48019 | Trove    | Identified the +2 hat "Asyheor" {rC+ rN+ Will- MP+9}
 48029 | Trove    | Identified the +1 robe of the Grand Alphagorgon {Harm
                  | Rampage +Inv Int+3}
 48035 | Trove    | Identified the +0 ring mail "Deomiji" {Int+3}
 48038 | Trove    | Identified the +1 ring mail of Gravity {rPois rN+ Int+2}
 48041 | Trove    | Identified the +0 pair of gloves of the Falcon {rPois Dex+3
                  | SInv}
 48046 | Trove    | Identified the +8 chain mail of the Stars {Harm rC- Dex+4}
 48049 | Trove    | Identified the +9 kite shield of Incorporation {Regen+
                  | rCorr MP+9}
 48638 | Zot:2    | Noticed Ojiaf's ghost (master AtFi)
 48880 | Zot:2    | Found a runed translucent door.
 48982 | Zot:2    | Found a basalt altar of Yredelemnul.
 49140 | Zot:2    | Killed Ojiaf's ghost
 49662 | Zot:3    | You are sucked into a shaft and drop 1 floor!
 50309 | Zot:4    | Noticed an orb of fire
 50401 | Zot:4    | Killed an orb of fire
 50402 | Zot:4    | Reached skill level 10 in Armour
 50406 | Zot:4    | Reached skill level 10 in Invocations
 50536 | Zot:4    | Noticed a Killer Klown
 50545 | Zot:4    | Killed a Killer Klown
 51019 | Zot:5    | Entered Level 5 of the Realm of Zot
 51022 | Zot:5    | Noticed an orb of fire
 51023 | Zot:5    | Gained mutation: You are frail. (-10% HP) [an orb of fire]
 51028 | Zot:5    | Killed an orb of fire
 51030 | Zot:5    | Lost mutation: You are frail. (-10% HP) [potion of
                  | mutation]
 51030 | Zot:5    | Lost mutation: You sometimes lose your temper in combat.
                  | [potion of mutation]
 51030 | Zot:5    | Gained mutation: Armour fits poorly on your strangely
                  | shaped body. [potion of mutation]
 51030 | Zot:5    | Gained mutation: You have supernaturally acute eyesight.
                  | (SInv) [potion of mutation]
 51030 | Zot:5    | Gained mutation: Your muscles are strong. (Str +4, Int/Dex
                  | -1) [potion of mutation]
 51163 | Zot:5    | Noticed a dread lich
 51170 | Zot:5    | Killed a dread lich
 51301 | Zot:5    | Noticed an ancient lich
 51310 | Zot:5    | Killed an ancient lich
 51324 | Zot:5    | Noticed a Killer Klown
 51337 | Zot:5    | Killed a Killer Klown
 51367 | Zot:5    | Noticed an orb of fire
 51374 | Zot:5    | Gained mutation: Your body sometimes deteriorates upon
                  | taking damage. [an orb of fire]
 51377 | Zot:5    | Gained mutation: You occasionally lose the ability to read
                  | scrolls when taking damage. [an orb of fire]
 51378 | Zot:5    | Killed an orb of fire
 51386 | Zot:5    | Noticed an orb of fire
 51389 | Zot:5    | Noticed an orb of fire
 51393 | Zot:5    | Gained mutation: You are occasionally teleported next to
                  | monsters. [an orb of fire]
 51397 | Zot:5    | Killed an orb of fire
 51404 | Zot:5    | Killed an orb of fire
 51409 | Zot:5    | Lost mutation: You occasionally lose the ability to read
                  | scrolls when taking damage. [potion of mutation]
 51409 | Zot:5    | Lost mutation: Your muscles are strong. (Str +4, Int/Dex
                  | -1) [potion of mutation]
 51409 | Zot:5    | Lost mutation: You have supernaturally acute eyesight.
                  | (SInv) [potion of mutation]
 51409 | Zot:5    | Gained mutation: Potions are less effective at restoring
                  | your health. [potion of mutation]
 51410 | Zot:5    | Lost mutation: Your body sometimes deteriorates upon taking
                  | damage. [potion of mutation]
 51410 | Zot:5    | Lost mutation: You are occasionally teleported next to
                  | monsters. [potion of mutation]
 51410 | Zot:5    | Lost mutation: Potions are less effective at restoring your
                  | health. [potion of mutation]
 51410 | Zot:5    | Gained mutation: You have a somewhat thin skeletal
                  | structure. (Dex +2, Stealth+) [potion of mutation]
 51410 | Zot:5    | Gained mutation: You occasionally lose the ability to drink
                  | potions when taking damage. [potion of mutation]
 51410 | Zot:5    | Gained mutation: You are covered in fur. (AC +1) [potion of
                  | mutation]
 51411 | Zot:5    | Lost mutation: You have a somewhat thin skeletal structure.
                  | (Dex +2, Stealth+) [potion of mutation]
 51411 | Zot:5    | Lost mutation: Armour fits poorly on your strangely shaped
                  | body. [potion of mutation]
 51411 | Zot:5    | Gained mutation: You are weak. (Str -2) [potion of
                  | mutation]
 51411 | Zot:5    | Gained mutation: Your movements are slightly less
                  | encumbered by armour. (ER -2) [potion of mutation]
 51411 | Zot:5    | Noticed a Killer Klown
 51414 | Zot:5    | Killed a Killer Klown
 51417 | Zot:5    | Lost mutation: Your movements are slightly less encumbered
                  | by armour. (ER -2) [potion of mutation]
 51417 | Zot:5    | Lost mutation: You are covered in fur. (AC +1) [potion of
                  | mutation]
 51417 | Zot:5    | Lost mutation: You occasionally lose the ability to drink
                  | potions when taking damage. [potion of mutation]
 51417 | Zot:5    | Gained mutation: Your movements are slightly less
                  | encumbered by armour. (ER -2) [potion of mutation]
 51417 | Zot:5    | Gained mutation: You occasionally lose the ability to read
                  | scrolls when taking damage. [potion of mutation]
 51417 | Zot:5    | Gained mutation: You are strong-willed. (Will+) [potion of
                  | mutation]
 51417 | Zot:5    | Gained mutation: You are somewhat resistant to further
                  | mutation. [potion of mutation]
 51437 | Zot:5    | Noticed an orb of fire
 51438 | Zot:5    | Gained mutation: You sometimes lose your temper in combat.
                  | [an orb of fire]
 51444 | Zot:5    | Killed an orb of fire
 51445 | Zot:5    | Lost mutation: Your movements are slightly less encumbered
                  | by armour. (ER -2) [potion of mutation]
 51445 | Zot:5    | Lost mutation: You sometimes lose your temper in combat.
                  | [potion of mutation]
 51446 | Zot:5    | Lost mutation: You are somewhat resistant to further
                  | mutation. [potion of mutation]
 51446 | Zot:5    | Lost mutation: You are strong-willed. (Will+) [potion of
                  | mutation]
 51446 | Zot:5    | Gained mutation: You passively map a small area around you.
                  | [potion of mutation]
 51447 | Zot:5    | Lost mutation: You passively map a small area around you.
                  | [potion of mutation]
 51447 | Zot:5    | Lost mutation: You are weak. (Str -2) [potion of mutation]
 51447 | Zot:5    | Lost mutation: You occasionally lose the ability to read
                  | scrolls when taking damage. [potion of mutation]
 51447 | Zot:5    | Gained mutation: You occasionally lose the ability to drink
                  | potions when taking damage. [potion of mutation]
 51447 | Zot:5    | Gained mutation: You are strong-willed. (Will+) [potion of
                  | mutation]
 51447 | Zot:5    | Gained mutation: Armour fits poorly on your strangely
                  | shaped body. [potion of mutation]
 51447 | Zot:5    | Gained mutation: A frigid envelope surrounds you and
                  | freezes all who hurt you. [potion of mutation]
 51571 | Zot:5    | Noticed an orb of fire
 51575 | Zot:5    | Noticed a Killer Klown
 51582 | Zot:5    | Killed an orb of fire
 51583 | Zot:5    | Killed a Killer Klown
 51588 | Zot:5    | Noticed a Killer Klown
 51598 | Zot:5    | Killed a Killer Klown
 51611 | Zot:5    | Got the Orb of Zot
 51884 | Depths:1 | Noticed a seraph
 52260 | D:$      | Escaped with the Orb!

Illustrated notes

Levels and vault maps discovered:
D:1:      lemuel_arrival_river_bridge, layout_loops_ring,
          dreamdust_ecumenical_altar_angels_and_demons
D:2:      layout_basic
D:3:      layout_loops_ring, uniq_crazy_yiuf_cottage
D:4:      layout_rooms
D:5:      layout_basic, ashenzari_conservatory_becter,
          minmay_temple_entry_waves, chequers_ossuary_entry_cave, uniq_sigmund
D:6:      layout_basic, minmay_bent
D:7:      layout_loops_corners, mainiacjoe_overflow_tiny_flanked
D:8:      layout_loops_ring, serial_glass, glass_columns_a, glass_columns_b,
          glass_columns_a, glass_columns_b, glass_columns_b,
          chequers_serial_rivers_micro_c
D:9:      layout_irregular_city, serial_rivers, chequers_serial_rivers_micro_a,
          chequers_serial_rivers_room_a, chequers_serial_rivers_room_b,
          chequers_serial_rivers_small_b, chequers_serial_rivers_small_3,
          chequers_serial_rivers_micro_d, enter_bailey_2, uniq_maggie,
          uniq_joseph
D:10:     layout_grid_maze, david_lair_shrubbed, serial_shops,
          nicolae_shop_waterfront, gammafunk_ghost_split
D:11:     layout_basic, vehumet_crystals
D:12:     minmay_the_grid_octo_tiled_octocenter_mashed
          [minmay_the_grid_octo_thin_diamonds, minmay_the_grid_octo_teeth,
          minmay_the_grid_octo_vomiting_pacman,
          minmay_the_grid_octo_tetromino_candy,
          minmay_the_grid_octo_prize_ultimate_mussel_roller,
          minmay_the_grid_square_5x5_slash,
          minmay_the_grid_square_5x5_fancy_junction,
          minmay_the_grid_square_5x5_beaten_path,
          minmay_the_grid_square_5x5_two_walls_b], layout_cave_pools,
          orc_0_dummy, enter_trove_2, uniq_maurice
D:13:     layout_stronghold, david_vaults_1, hangedman_decor_slide_cut,
          worldfamousw_hep_ancestral_shrine, uniq_frances
D:14:     layout_loops_corners, nicolae_hexahallways, uniq_rupert
D:15:     gammafunk_enter_depths_forms, layout_basic, minmay_misc_feat_rows
Temple:   mainiacjoe_temple_cubbyholes
Lair:1:   layout_regular_city, grunt_megastairs_3
Lair:2:   layout_misc_corridors, basic_altar, minivault_23, grunt_megastairs_4
Lair:3:   gammafunk_cloud_chamber, layout_gridlike,
          nicolae_swamp_entry_splash_gauntlet,
          nicolae_spider_entry_tight_spaces, wad_woods_road_01,
          serial_bayou_pond_b, serial_bayou_shore_b
Lair:4:   nzn_motion_control, layout_gridlike, slime_entry_1,
          portal_ice_cave_entry_pillars_2, gammafunk_ghost_arena, uniq_sonja,
          uniq_urug
Lair:5:   cheibrodos_lair_end_hotspot, layout_regular_city
Swamp:1:  layout_basic_swamp, evilmike_swamp_ruin_house_3
Swamp:2:  layout_falls_marsh, nicolae_swamp_treefoil, infiniplex_staircase_pool
Swamp:3:  layout_falls_marsh, hangedman_swamp_ruin_wall, swamp_pool1
Swamp:4:  swamp_vile, layout_basic_swamp, swamp_pool2, nicolae_swamp_spooky_pond
Spider:1: layout_spider_delve, nicolae_spider_bug_shape, uniq_agnes,
          uniq_roxanne
Spider:2: layout_cave_pods, hangedman_spider_tarantella_strand
Spider:3: layout_spider_delve, nicolae_spider_nooks_and_crannies
Spider:4: floodkiller_spider_rune_tomb, hive_lemuel
Slime:1:  layout_caves, basic_altar
Slime:2:  layout_caves, nicolae_slime_getting_an_eyeful
Slime:3:  cheibrodos_slime_lost_civilization_9, layout_caves
Slime:4:  layout_caves, cheibrodos_slime_lost_civilization_7
Slime:5
Orc:1:    layout_caves, serial_shops, nicolae_shop_stone
Orc:2:    st_orc_congregation, layout_diamond_mine, basic_altar,
          nicolae_orc_damp_corner
Elf:1:    eino_elf_arrival_customs, layout_rooms, basic_altar,
          hangedman_elven_crosses_minicolossus, grunt_ministairs_1,
          chequers_big_river
Elf:2:    nicolae_elf_blades_crystal_corner, layout_gridlike,
          statue_in_the_mist_lemuel, st_stairs_1, minmay_misc_feat_alley,
          nicolae_take_the_stairs, uniq_nikola, uniq_louise
Elf:3:    minmay_elf_hall_four_x, layout_geoelf_castle, serial_shops,
          nicolae_shop_stone, basic_altar,
          nicolae_elf_glass_and_crystal_pillar_2,
          nicolae_elf_free_trip_to_the_abyss
Vaults:1: hangedman_vaults_nails, st_lines, grunt_vaults_bifocal,
          vaults_room_stairs_pillars, ontoclasm_vaults_hangar, v_rooms_3,
          nicolae_vaults_rhombus_6, v_pattern_3,
          nicolae_vaults_windows_and_doors_thing, nicolae_vaults_rhombus_5,
          hangedman_vaults_pinch, nicolae_vaults_stairing_the_circle,
          vaults_mumra_chevron, ontoclasm_vaults_decontamination,
          grunt_vaults_focal, nicolae_vaults_specimen_jars,
          layout_vaults_omnibox
Vaults:2: ontoclasm_vaults_water_temple, hangedman_vaults_stretched_pinwheel,
          v_misc_14, v_alt_pattern_5, vaults_dpeg_cross,
          nicolae_vaults_shelves_hall, nicolae_vaults_network_square,
          nicolae_vaults_circle_grid_b, v_misc_33, vaults_room_door_hall,
          minmay_crypt_entry_simple_box, vaults_room_fours,
          nicolae_vaults_sealed_display, nicolae_vaults_rhombus_5,
          layout_vaults_omnicross, serial_shops, shop_statue
Vaults:3: portal_desolation_entry_garden, v_misc_13, vaults_room_fancy_cross,
          v_misc_16, serial_ice_m, nicolae_vaults_rhombus_7,
          hangedman_vaults_maws, nicolae_vaults_circle_grid_a,
          nicolae_vaults_little_squares_3, nicolae_vaults_alarming,
          layout_vaults_omnigrid
Vaults:4: v_rooms_6, nicolae_vaults_puzzle_piece, vaults_standard_mumra_x,
          v_misc_9, hangedman_vaults_corner_blocks, ontoclasm_vaults_gateway,
          nicolae_vaults_network_periphery, hangedman_vaults_trim,
          nicolae_vaults_shelves_hall, nicolae_vaults_gold_heap,
          layout_vaults_chaotic_city
Depths:1: layout_cave_pools, grunt_hell_entry_dis_mu, abyss_entry,
          grunt_pan_entry_spiral, lemuel_tele_altar, tso_metal_star
Depths:2: minmay_fractal_lines_corner, layout_long_grid,
          minmay_misc_feat_plants, hell_entry, pan_entry,
          chequers_serial_rivers_room_a, eino_tiny_chamber, kennysheep_doodads,
          drop_trap, grunt_absolute_annihilation, minmay_shop_grove
Depths:3: nzn_winding_woodlands_huge [nzn_winding_woodlands_5x15_sidewinder,
          nzn_winding_woodlands_5x15_cabin,
          nzn_winding_woodlands_5x15_lazy_stream,
          nzn_winding_woodlands_5x15_garden, nzn_winding_woodlands_5x15_pockets,
          nzn_winding_woodlands_5x15_eye, nzn_winding_woodlands_5x15_concentric,
          nzn_winding_woodlands_5x15_default, nzn_winding_woodlands_5x15_pool,
          nzn_winding_woodlands_5x15_parted,
          nzn_winding_woodlands_center_garden,
          nzn_winding_woodlands_center_lodge,
          nzn_winding_woodlands_15x15_boxy_spiral], layout_honeycomb,
          enter_ziggurat_d, hangedman_abyss_entry_splay, hell_entry,
          infiniplex_staircase_door_maze
Depths:4: grunt_twist_and_shout, layout_gridlike, grunt_decor_one_mirror,
          pf_dread_powers_of_hell, nicolae_wooded_promenade
Zot:1:    hangedman_zot_vaults_quadrants, layout_onion_interference,
          hangedman_elemental_corridor
Zot:2:    layout_misc_corridors, hellmonk_ghost_happy_afterlife, basic_altar
Zot:3:    layout_gridlike
Zot:4:    layout_onion
Zot:5:    layout_misc_corridors, nicolae_lava_and_water

Skill      XL: |  1  2  3  4  5  6  7  8  9 10 11 12 13 14 15 16 17 18 19 20 21 22 23 24 25 26 27 |
---------------+----------------------------------------------------------------------------------+-----
Stealth        | 1 2 |  2.0
Fighting       | 2 3 4 5 6 7 9 10 12 13 15 16 17 18 19 20 | 20.0
Spellcasting   | 3 4 5 6 7 8 9 10 12 13 14 15 16 17 18 19 20 | 20.0
Ranged Weapons | 2 4 5 7 8 9 12 13 14 16 18 | 18.0
Evocations     | 2 3 4 6 7 8 9 11 13 14 15 17 19 20 | 20.0
Dodging        | 5 6 8 9 10 14 | 14.1
Armour         | 3 4 6 8 12 | 12.0
Shields        | 4 9 10 11 12 13 14 | 14.0
Invocations    | 4 6 7 8 12 | 12.0

Action                     |  1- 3 |  4- 6 |  7- 9 | 10-12 | 13-15 | 16-18 | 19-21 | 22-24 | 25-27 || total
---------------------------+-------+-------+-------+-------+-------+-------+-------+-------+-------++-------
  Melee: Short sword       |    21 |    41 |       |       |       |       |       |       |       ||    62
         Headbutt          |     2 |     6 |       |       |       |       |       |       |       ||     8
         Punch             |     1 |       |       |       |       |       |       |       |       ||     1
         Unarmed           |       |       |     6 |       |       |       |       |       |       ||     6
         Staff             |       |       |       |       |       |     1 |     4 |    10 |       ||    15
   Fire: Sling             |    82 |    88 |   122 |   197 |   185 |   132 |       |       |       ||   806
         Hand crossbow     |       |       |       |       |       |       |       |   116 |   703 ||   819
  Throw: Javelin           |     2 |     1 |       |       |       |       |       |       |       ||     3
         Dart              |       |     1 |       |     2 |       |     1 |     1 |     2 |     7 ||    14
         Throwing net      |       |       |       |       |       |       |       |     1 |       ||     1
   Cast: Slow              |    14 |    24 |     4 |       |       |       |       |       |       ||    42
         Beastly Appendage |     3 |     6 |       |       |       |       |       |       |       ||     9
         Inner Flame       |       |     8 |    30 |    52 |    75 |   137 |    39 |     5 |       ||   346
         Poisonous Vapours |       |       |    16 |    31 |    50 |    50 |     3 |     2 |     1 ||   153
         Momentum Strike   |       |       |     5 |     1 |       |       |       |       |       ||     6
         Airstrike         |       |       |       |    60 |   260 |   526 |   487 |   386 |    49 ||  1768
         Iskenderun's Myst |       |       |       |    24 |   152 |   159 |   102 |   110 |    40 ||   587
         Summon Mana Viper |       |       |       |       |     5 |    18 |    27 |    28 |    16 ||    94
         Eringya's Noxious |       |       |       |       |       |     4 |    12 |    11 |       ||    27
         Summon Cactus Gia |       |       |       |       |       |       |    13 |    19 |    12 ||    44
         Conjure Ball Ligh |       |       |       |       |       |       |    32 |    56 |    10 ||    98
         Ignition          |       |       |       |       |       |       |       |    58 |   142 ||   200
         Portal Projectile |       |       |       |       |       |       |       |       |    26 ||    26
         Summon Horrible T |       |       |       |       |       |       |       |       |    14 ||    14
 Invoke: Ancestor Identity |       |       |     1 |       |       |       |       |       |       ||     1
         Recall Ancestor   |       |       |       |     1 |       |       |     3 |     6 |     8 ||    18
         Ancestor Life: He |       |       |       |     1 |       |       |       |       |       ||     1
         Idealise          |       |       |       |       |     4 |     4 |     9 |    11 |    14 ||    42
  Evoke: Wand              |       |       |     2 |     3 |       |     3 |     3 |     8 |    17 ||    36
         Phantom mirror    |       |       |       |       |       |     3 |       |     1 |     1 ||     5
         Condenser vane    |       |       |       |       |       |     2 |     3 |     1 |     1 ||     7
         Box of beasts     |       |       |       |       |       |     1 |     2 |     2 |     3 ||     8
         Tin of tremorston |       |       |       |       |       |       |     5 |     1 |     3 ||     9
    Use: Scroll            |     1 |     7 |     8 |    11 |     7 |     6 |    17 |    11 |    13 ||    81
         Potion            |       |       |     2 |       |       |       |     2 |    23 |    21 ||    48
   Stab: Sleeping          |     1 |       |       |       |       |       |       |       |       ||     1
         Paralysed         |       |       |       |       |       |       |       |     4 |       ||     4
         Distracted        |       |       |       |       |       |       |       |     1 |       ||     1
 Armour: Robe              |    17 |    11 |    11 |     3 |       |       |       |       |       ||    42
         Skin              |       |       |     5 |       |       |       |       |       |       ||     5
         Troll leather arm |       |       |       |       |    40 |    37 |    25 |    28 |    46 ||   176
  Dodge: Dodged            |    52 |    44 |    35 |    23 |    42 |    71 |    41 |    62 |    96 ||   466
  Block: Kite shield       |       |       |       |       |    37 |    61 |    53 |    80 |    86 ||   317

Table legend: (Time is in decaauts)
 A = Elapsed time spent in this place.
 B = Non-inter-level travel time spent in this place.
 C = Inter-level travel time spent in this place.
 D = Time resting spent in this place.
 E = Time spent auto-exploring this place.
 F = Levels seen in this place.
 G = Mean time per level.
                   A        B        C        D        E       F      G
               +--------+--------+--------+--------+--------+-----+--------+
         Total |  52528 |  46027 |   6501 |   3901 |  26496 |  57 |  921.5 |
       Dungeon |  17185 |  14423 |   2762 |   1282 |   7831 |  15 | 1145.7 |
        Temple |    356 |    291 |     65 |      0 |    287 |   1 |  356.0 |
          Lair |   5558 |   4459 |   1099 |    183 |   2856 |   5 | 1111.6 |
         Swamp |   2620 |   2509 |    111 |    161 |   1723 |   4 |  655.0 |
   Spider Nest |   3849 |   3465 |    384 |    247 |   2169 |   4 |  962.2 |
    Slime Pits |    877 |    775 |    102 |    144 |    127 |   5 |  175.4 |
  Orcish Mines |   1414 |   1198 |    216 |     37 |    890 |   2 |  707.0 |
   Elven Halls |   2950 |   2778 |    172 |    228 |   1764 |   3 |  983.3 |
        Vaults |   5624 |   5091 |    533 |    205 |   3544 |   4 | 1406.0 |
        Depths |   5461 |   4833 |    628 |    478 |   2704 |   4 | 1365.2 |
           Zot |   4274 |   3849 |    425 |    500 |   1963 |   5 |  854.8 |
         Trove |     43 |     43 |      0 |      0 |      0 |   1 |   43.0 |
       Ossuary |    332 |    332 |      0 |     98 |     92 |   1 |  332.0 |
        Bailey |    441 |    441 |      0 |    144 |     38 |   1 |  441.0 |
      Ice Cave |    659 |    659 |      0 |    119 |    209 |   1 |  659.0 |
    Desolation |    878 |    878 |      0 |     75 |    299 |   1 |  878.0 |
               +--------+--------+--------+--------+--------+-----+--------+

Top non-repeatable levels by time:
Depths:3: 2097 daAuts
    D:10: 1638 daAuts
   Elf:3: 1607 daAuts
Vaults:2: 1598 daAuts
     D:2: 1556 daAuts
  Lair:3: 1532 daAuts
     D:6: 1506 daAuts
Vaults:4: 1460 daAuts
    D:13: 1455 daAuts
Vaults:1: 1312 daAuts
     D:1: 1283 daAuts
    D:14: 1276 daAuts
Vaults:3: 1252 daAuts
  Lair:5: 1227 daAuts
Depths:2: 1221 daAuts
